3AAA
SIOUX FALLS RED PANDAS @ MONONGAHELA MONSTERS
08/30/2041
 
TOP OF THE 1ST
Sioux Falls Red Pandas batting - Pitching for Monongahela Monsters : RHP Gabriel Durango
Pitching: RHP Gabriel Durango
Batting: RHB Jesse Winters 0-0: Ball
1-0: Ball
2-0: Ground out 6-3 (Groundball, 6M, EV 98.1 MPH)
Batting: LHB Kata Naito 0-0: Ball
1-0: Called Strike
1-1: Ball
2-1: Foul Ball, location: 2F
2-2: Strikes out looking
Batting: LHB Martín Pliego 0-0: Ground out 1-3 (Groundball, 15S, EV 67.5 MPH)
Top of the 1st over - 0 runs, 0 hits, 0 errors, 0 left on base; Sioux Falls 0 - Monongahela 0
BOTTOM OF THE 1ST
Monongahela Monsters batting - Pitching for Sioux Falls Red Pandas : RHP Hengkie Iriawan
Pitching: RHP Hengkie Iriawan
Batting: RHB Román García 0-0: Ground out 6-3 (Groundball, 6, EV 91.2 MPH)
Batting: RHB Colt Allen 0-0: Called Strike
0-1: Ball
1-1: Ball
2-1: Ball
3-1: Called Strike
3-2: Base on Balls
Batting: LHB Naganori Inoue 0-0: Fielders Choice at 2nd, 6-4 (Groundball, 6MD, EV 78.8 MPH)
Batting: SHB Gerrie Bond 0-0: Called Strike
0-1: Called Strike
Pickoff Throw to First - Error! E1
Naganori Inoue to second
0-2: SINGLE (Groundball, 34D, EV 105.6 MPH)
Naganori Inoue to third
Runner from 3rd tries for Home, SAFE, throw by RF to home
Batting: LHB Alec Hall 0-0: Ball
1-0: Called Strike
1-1: Ball
2-1: Foul Ball, location: 2F
2-2: Ball
3-2: Base on Balls
Gerrie Bond to second
Batting: RHB Li-ren Ku 0-0: Ball
1-0: Foul Ball, location: 2F
1-1: Ball
2-1: Ball
3-1: SINGLE (Groundball, 6MD, EV 100.0 MPH)
Gerrie Bond to third
Alec Hall to second
Runner from 3rd tries for Home, SAFE, throw by CF to home
Batting: LHB António Muńóz 0-0: Ball
1-0: Called Strike
1-1: Ball
2-1: Fielders Choice at 2nd, 6-4 (Groundball, 6, EV 85.0 MPH)
Bottom of the 1st over - 2 runs, 2 hits, 1 error, 2 left on base; Sioux Falls 0 - Monongahela 2
TOP OF THE 2ND
Sioux Falls Red Pandas batting - Pitching for Monongahela Monsters : RHP Gabriel Durango
Batting: RHB Júlio Rodríguez 0-0: Fly out, F4 (Popup, 23, EV 70.0 MPH)
Batting: LHB Hsui-chuan Tsou 0-0: Called Strike
0-1: Ball
1-1: Swinging Strike
1-2: Ball
2-2: Ball
3-2: Foul Ball, location: 2F
3-2: Fly out, F9 (Flyball, 9S, EV 91.9 MPH)
Batting: RHB Brit Davis 0-0: Foul Ball, location: 2F
0-1: Swinging Strike
0-2: Foul Ball, location: 2F
0-2: Ball
1-2: Ball
2-2: Ball
3-2: Foul Ball, location: 2F
3-2: DOUBLE (Line Drive, 9LS, EV 98.1 MPH)
Batting: RHB Jon Moon 0-0: Ball
1-0: Ball
2-0: Called Strike
2-1: SINGLE (Groundball, 56D, EV 95.6 MPH)
Brit Davis to third
Runner from 3rd tries for Home, SAFE, throw by LF to home
Batting: LHB Xu Cheng 0-0: Ball
1-0: Ball
2-0: Ball
3-0: Called Strike
3-1: DOUBLE (Line Drive, 5D, EV 98.8 MPH)
Jon Moon to third
Runner from 3rd tries for Home, SAFE, throw by LF to home
Batting: RHB John Camp 0-0: Ball
1-0: Fly out, F8 (Flyball, 8LS, EV 92.5 MPH)
Top of the 2nd over - 2 runs, 3 hits, 0 errors, 1 left on base; Sioux Falls 2 - Monongahela 2
BOTTOM OF THE 2ND
Monongahela Monsters batting - Pitching for Sioux Falls Red Pandas : RHP Hengkie Iriawan
Batting: RHB Roger Snodgrass 0-0: Ball
1-0: Ball
2-0: Called Strike
2-1: Foul Ball, location: 2F
2-2: Fly out, F9 (Flyball, 9LS, EV 78.8 MPH)
Batting: LHB Abraham Ruenuitz 0-0: Ball
1-0: Ball
2-0: Foul Ball, location: 2F
2-1: Called Strike
2-2: Ball
3-2: Foul Ball, location: 2F
3-2: Base on Balls
Batting: RHB Román García 0-0: Called Strike
0-1: Ball
1-1: Ball
2-1: Ball
Wild Pitch!
Abraham Ruenuitz to second
3-1: Foul Ball, location: 2F
3-2: Foul Ball, location: 2F
3-2: Foul Ball, location: 2F
3-2: Base on Balls
Batting: RHB Colt Allen 0-0: Ball
1-0: Ball
2-0: Ball
3-0: Called Strike
3-1: Called Strike
3-2: Strikes out swinging
Batting: LHB Naganori Inoue 0-0: Fielders Choice at 2nd, 5-4 (Groundball, 5, EV 85.0 MPH)
Bottom of the 2nd over - 0 runs, 0 hits, 0 errors, 2 left on base; Sioux Falls 2 - Monongahela 2
TOP OF THE 3RD
Sioux Falls Red Pandas batting - Pitching for Monongahela Monsters : RHP Gabriel Durango
Batting: RHB Jesse Winters 0-0: Ball
1-0: Called Strike
1-1: Ball
2-1: Called Strike
2-2: Ball
3-2: Strikes out swinging
Batting: LHB Kata Naito 0-0: Ball
1-0: Foul Ball, location: 2F
1-1: Ball
2-1: Foul Ball, location: 2F
2-2: Ball
3-2: Ground out 5-3 (Groundball, 56, EV 76.2 MPH)
Batting: LHB Martín Pliego 0-0: Ground out 4-3 (Groundball, 4D, EV 110.0 MPH)
Top of the 3rd over - 0 runs, 0 hits, 0 errors, 0 left on base; Sioux Falls 2 - Monongahela 2
BOTTOM OF THE 3RD
Monongahela Monsters batting - Pitching for Sioux Falls Red Pandas : RHP Hengkie Iriawan
Batting: SHB Gerrie Bond 0-0: Foul Ball, location: 2F
0-1: Ball
1-1: Called Strike
1-2: Ground out 1-3 (Groundball, 13S, EV 65.6 MPH)
Batting: LHB Alec Hall 0-0: Fly out, F5 (Popup, 5SF, EV 74.4 MPH)
Batting: RHB Li-ren Ku 0-0: Swinging Strike
0-1: Called Strike
0-2: Foul Ball, location: 2F
0-2: Ball
1-2: Foul Ball, location: 2F
1-2: SINGLE (Groundball, 56, EV 100.0 MPH) (infield hit)
Batting: LHB António Muńóz 0-0: Called Strike
0-1: Called Strike
0-2: Foul Ball, location: 2F
0-2: Fly out, F8 (Flyball, 8RS, EV 87.5 MPH)
Bottom of the 3rd over - 0 runs, 1 hit, 0 errors, 1 left on base; Sioux Falls 2 - Monongahela 2
TOP OF THE 4TH
Sioux Falls Red Pandas batting - Pitching for Monongahela Monsters : RHP Gabriel Durango
Batting: RHB Júlio Rodríguez 0-0: Ball
1-0: Ball
2-0: Ball
3-0: Called Strike
3-1: Fly out, F9 (Flyball, 9S, EV 92.5 MPH)
Batting: LHB Hsui-chuan Tsou 0-0: Swinging Strike
0-1: Ball
1-1: Called Strike
1-2: Fly out, F8 (Line Drive, 8RM, EV 94.4 MPH)
Batting: RHB Brit Davis 0-0: Ball
1-0: Foul Ball, location: 2F
1-1: Ball
2-1: Swinging Strike
2-2: Fly out, F8 (Flyball, 8LXD, EV 107.5 MPH)
Top of the 4th over - 0 runs, 0 hits, 0 errors, 0 left on base; Sioux Falls 2 - Monongahela 2
BOTTOM OF THE 4TH
Monongahela Monsters batting - Pitching for Sioux Falls Red Pandas : RHP Hengkie Iriawan
Batting: RHB Roger Snodgrass 0-0: Ground out 6-3 (Groundball, 6, EV 89.4 MPH)
Batting: LHB Abraham Ruenuitz 0-0: Fly out, F5 (Popup, 25F, EV 86.2 MPH)
Batting: RHB Román García 0-0: Ball
1-0: Called Strike
1-1: Ball
2-1: Ground out 1-3 (Groundball, 34S, EV 82.5 MPH)
Bottom of the 4th over - 0 runs, 0 hits, 0 errors, 0 left on base; Sioux Falls 2 - Monongahela 2
TOP OF THE 5TH
Sioux Falls Red Pandas batting - Pitching for Monongahela Monsters : RHP Gabriel Durango
Batting: RHB Jon Moon 0-0: Fly out, F8 (Flyball, 8RD, EV 108.8 MPH)
Batting: LHB Xu Cheng 0-0: Swinging Strike
0-1: Ball
1-1: Fly out, F9 (Flyball, 9LMF, EV 90.6 MPH)
Batting: RHB John Camp 0-0: Ball
1-0: Foul Ball, location: 2F
1-1: Ball
2-1: Foul Ball, location: 2F
2-2: Ball
3-2: Foul Ball, location: 2F
3-2: Base on Balls
Batting: RHB Jesse Winters 0-0: Ball
1-0: Ball
2-0: Ball
3-0: Fly out, F3 (Flyball, 3D, EV 86.2 MPH)
Top of the 5th over - 0 runs, 0 hits, 0 errors, 1 left on base; Sioux Falls 2 - Monongahela 2
BOTTOM OF THE 5TH
Monongahela Monsters batting - Pitching for Sioux Falls Red Pandas : RHP Hengkie Iriawan
Batting: RHB Colt Allen 0-0: Fly out, F8 (Line Drive, 8RD, EV 102.5 MPH)
Batting: LHB Naganori Inoue 0-0: Ball
1-0: Swinging Strike
1-1: Swinging Strike
1-2: Foul Ball, location: 2F
1-2: Foul Ball, location: 2F
1-2: Foul Ball, location: 2F
1-2: Foul Ball, location: 2F
1-2: Ball
2-2: Ball
3-2: Ground out 5-3 (Groundball, 5, EV 103.1 MPH)
Batting: SHB Gerrie Bond 0-0: Ball
1-0: Called Strike
1-1: Ball
2-1: Ball
3-1: Swinging Strike
3-2: Ground out 5-3 (Groundball, 56, EV 110.6 MPH)
Bottom of the 5th over - 0 runs, 0 hits, 0 errors, 0 left on base; Sioux Falls 2 - Monongahela 2
TOP OF THE 6TH
Sioux Falls Red Pandas batting - Pitching for Monongahela Monsters : RHP Gabriel Durango
Batting: LHB Kata Naito 0-0: Ball
1-0: Foul Ball, location: 2F
1-1: Ball
2-1: Swinging Strike
2-2: SINGLE (Flyball, 9S, EV 89.4 MPH)
Batting: LHB Martín Pliego 0-0: Called Strike
0-1: Grounds into double play, 4-6-3 (Groundball, 4, EV 93.8 MPH)
Batting: RHB Júlio Rodríguez 0-0: Ball
1-0: Ball
2-0: Foul Ball, location: 2F
2-1: Called Strike
2-2: Ball
3-2: Fly out, F9 (Flyball, 9S, EV 79.4 MPH)
Top of the 6th over - 0 runs, 1 hit, 0 errors, 0 left on base; Sioux Falls 2 - Monongahela 2
BOTTOM OF THE 6TH
Monongahela Monsters batting - Pitching for Sioux Falls Red Pandas : RHP Hengkie Iriawan
Pitching: LHP Fernando Padilla
Batting: LHB Alec Hall 0-0: SINGLE (Groundball, 4MD, EV 94.4 MPH)
Batting: RHB Li-ren Ku 0-0: Called Strike
0-1: Ball
1-1: Ball
2-1: Bunt missed!
2-2: Fielders Choice at 2nd, 6-4 (Groundball, 56, EV 97.5 MPH)
Batting: LHB António Muńóz 0-0: Ball
1-0: Ball
2-0: Ball
3-0: Base on Balls
Li-ren Ku to second
Batting: RHB Roger Snodgrass 0-0: Fly out, F8 (Flyball, 78XD, EV 87.5 MPH)
Runner from 2nd tags up, SAFE at 3rd, no throw by CF
Batting: LHB Abraham Ruenuitz 0-0: Ball
1-0: Fielders Choice at 2nd, 6-4 (Groundball, 6, EV 101.9 MPH)
Bottom of the 6th over - 0 runs, 1 hit, 0 errors, 2 left on base; Sioux Falls 2 - Monongahela 2
TOP OF THE 7TH
Sioux Falls Red Pandas batting - Pitching for Monongahela Monsters : RHP Gabriel Durango
Pitching: RHP Horiuchi Tanaka
Batting: LHB Hsui-chuan Tsou 0-0: Foul Ball, location: 2F
0-1: Swinging Strike
0-2: Ball
1-2: Fly out, F9 (Flyball, 9D, EV 91.9 MPH)
Batting: RHB Brit Davis 0-0: Called Strike
0-1: Ball
1-1: Ball
2-1: Ball
3-1: Base on Balls
Batting: RHB Jon Moon 0-0: Ball
1-0: Foul Ball, location: 2F
1-1: Swinging Strike
1-2: Fly out, F9 (Flyball, 9S, EV 85.0 MPH)
Batting: LHB Xu Cheng 0-0: Foul Ball, location: 2F
0-1: Ball
1-1: Swinging Strike
1-2: Ball
2-2: Ball
3-2: Ground out 4-3 (Groundball, 4S, EV 90.6 MPH)
Top of the 7th over - 0 runs, 0 hits, 0 errors, 1 left on base; Sioux Falls 2 - Monongahela 2
BOTTOM OF THE 7TH
Monongahela Monsters batting - Pitching for Sioux Falls Red Pandas : LHP Fernando Padilla
Batting: RHB Román García 0-0: Called Strike
0-1: Swinging Strike
0-2: Strikes out swinging, 2-3 out at first.
Batting: RHB Colt Allen 0-0: Called Strike
0-1: Called Strike
0-2: Strikes out swinging
Batting: LHB Naganori Inoue 0-0: Ball
1-0: Ground out U3 (Groundball, 3L, EV 102.5 MPH)
Bottom of the 7th over - 0 runs, 0 hits, 0 errors, 0 left on base; Sioux Falls 2 - Monongahela 2
TOP OF THE 8TH
Sioux Falls Red Pandas batting - Pitching for Monongahela Monsters : RHP Horiuchi Tanaka
Batting: RHB John Camp 0-0: Called Strike
0-1: Ball
1-1: Ground out 5-3 (Groundball, 56, EV 82.5 MPH)
Batting: RHB Jesse Winters 0-0: Ground out 6-3 (Groundball, 6S, EV 85.0 MPH)
Batting: LHB Kata Naito 0-0: Ball
1-0: Called Strike
1-1: SINGLE (Groundball, 34D, EV 105.6 MPH)
Batting: LHB Martín Pliego 0-0: Ball
1-0: Ball
2-0: Ball
3-0: Called Strike
3-1: Foul Ball, location: 2F
3-2: Foul Ball, location: 2F
3-2: Base on Balls
Kata Naito to second
Batting: RHB Júlio Rodríguez 0-0: Ball
1-0: Called Strike
1-1: Fly out, F6 (Line Drive, 6, EV 63.1 MPH)
Top of the 8th over - 0 runs, 1 hit, 0 errors, 2 left on base; Sioux Falls 2 - Monongahela 2
BOTTOM OF THE 8TH
Monongahela Monsters batting - Pitching for Sioux Falls Red Pandas : LHP Fernando Padilla
Batting: SHB Gerrie Bond 0-0: SINGLE (Groundball, 4M, EV 95.0 MPH)
Batting: LHB Alec Hall 0-0: Ball
1-0: Ball
2-0: Foul Ball, location: 2F
2-1: Foul Ball, location: 2F
2-2: SINGLE (Groundball, 34, EV 95.0 MPH) (infield hit)
Gerrie Bond to second
Batting: RHB Li-ren Ku 0-0: Called Strike
0-1: Ball
1-1: Bunted foul
1-2: Fly out, F8 (Flyball, 78M, EV 97.5 MPH)
Batting: LHB António Muńóz 0-0: Ball
1-0: Ball
2-0: Swinging Strike
2-1: Ball
3-1: Base on Balls
Gerrie Bond to third
Alec Hall to second
Pitching: RHP Kenete Daku
Batting: RHB Roger Snodgrass 0-0: Ball
1-0: Fly out, F8 (Flyball, 8RXD, EV 84.4 MPH)
Runner from 3rd tags up, SCORES, no throw by CF
Batting: LHB Abraham Ruenuitz 0-0: Fly out, F4 (Line Drive, 4, EV 73.1 MPH)
Bottom of the 8th over - 1 run, 2 hits, 0 errors, 2 left on base; Sioux Falls 2 - Monongahela 3
TOP OF THE 9TH
Sioux Falls Red Pandas batting - Pitching for Monongahela Monsters : RHP Horiuchi Tanaka
Pitching: RHP Al Verkler
Batting: LHB Hsui-chuan Tsou 0-0: Ball
1-0: Foul Ball, location: 2F
1-1: Swinging Strike
1-2: Ball
2-2: Foul Ball, location: 2F
2-2: Ball
3-2: Base on Balls
Batting: RHB Brit Davis 0-0: Bunted foul
0-1: Sac Bunt to 13 - play at second, runner OUT! 1-6
Batting: RHB Jon Moon 0-0: Ball
1-0: Called Strike
1-1: Ball
Wild Pitch!
Brit Davis to second
2-1: SINGLE (Flyball, 9LS, EV 96.9 MPH)
Brit Davis to third
Runner from 3rd tries for Home, SAFE, no throw by RF
Batting: LHB Xu Cheng 0-0: Ball
1-0: Fielders Choice at 2nd, 6-4 (Groundball, 6S, EV 83.1 MPH)
Batting: RHB John Camp 0-0: Ball
1-0: Ball
2-0: Called Strike
2-1: Foul Ball, location: 2F
2-2: Ball
Wild Pitch!
Xu Cheng to second
3-2: Foul Ball, location: 2F
3-2: SINGLE (Flyball, 4D, EV 82.5 MPH)
Xu Cheng to third
Xu Cheng scores
Batting: RHB Jesse Winters 0-0: Ball
1-0: Called Strike
1-1: Foul Ball, location: 2F
1-2: Ball
2-2: Fielders Choice at 2nd, 6-4 (Groundball, 6, EV 103.8 MPH)
Top of the 9th over - 2 runs, 2 hits, 0 errors, 1 left on base; Sioux Falls 4 - Monongahela 3
BOTTOM OF THE 9TH
Monongahela Monsters batting - Pitching for Sioux Falls Red Pandas : RHP Kenete Daku
Pitching: RHP Scott Colorado
Pinch Hitting: SHB Roger Dorn 0-0: Fly out, F5 (Popup, 56S, EV 78.1 MPH)
Batting: RHB Colt Allen 0-0: Ball
1-0: Called Strike
1-1: Ball
2-1: Called Strike
2-2: Ball
3-2: Fly out, F9 (Line Drive, 9, EV 91.2 MPH)
Batting: LHB Naganori Inoue 0-0: Ground out 4-3 (Groundball, 4, EV 78.1 MPH)
Bottom of the 9th over - 0 runs, 0 hits, 0 errors, 0 left on base; Sioux Falls 4 - Monongahela 3
Tuesday, January 5th, 2021 - OOTP Baseball 20.8 Build 74